 Dungeon Crawl Stone Soup version 0.25-a0-68-ge58f8a54b6 (webtiles) character file.

Game seed: 5071161660117543930, levelgen mode: deterministic

86788 iamserjio the Cleaver (level 15, -17/109 HPs)
             Began as an Octopode Gladiator on Nov 2, 2019.
             Was a High Priest of Okawaru.
             Killed from afar by a deep troll earth mage (58 damage)
             ... with a blast of crystal shards
             ... on level 13 of the Dungeon.
             The game lasted 01:04:34 (31580 turns).

iamserjio the Cleaver (Octopode Gladiator)         Turns: 31580, Time: 01:04:34

Health: -17/109    AC:  6    Str: 20    XL:     15   Next: 88%
Magic:  21/23      EV: 33    Int: 17    God:    Okawaru [*****.]
Gold:   2390       SH: 11    Dex: 25    Spells: 3/25 levels left

rFire    + . .     SeeInvis .   I - +9 broad axe "Etzit" {chop, MR+ Dex+6}
rCold    x . .     Gourm    .   l - +2 buckler {AC+3}
rNeg     . . .     Faith    .   b - +2 hat
rPois    .         Spirit   .   (no amulet)
rElec    .         Reflect  .   i - ring of resist corrosion
rCorr    +         Harm     .   O - ring of protection from magic
MR       +++..                  a - +3 ring of dexterity
Stlth    +++++.....             Y - +1 ring of evasion
HPRegen  0.28/turn              q - +2 ring of dexterity
MPRegen  0.18/turn              J - ring of fire
                                K - ring of wizardry
                                j - ring "Virr" {Str+3 Int+4}

@: about to teleport, heroism
A: almost no armour, stealthy swim, amphibious, 8 rings, constrict 8, camouflage
1, gelatinous body 1
a: Heroism, Finesse, Renounce Religion


You were on level 13 of the Dungeon.
You worshipped Okawaru.
Okawaru was extremely pleased with you.
You were not hungry.

You visited 3 branches of the dungeon, and saw 22 of its levels.
You also visited: Sewer and Bailey.

You collected 2822 gold pieces.
You spent 432 gold pieces at shops.

Inventory:

Hand Weapons
 E - a +2 antimagic trident
 I - the +9 broad axe "Etzit" (weapon) {chop, MR+ Dex+6}
   (You found it on level 8 of the Dungeon)

   It inflicts extra damage upon your enemies.
   It affects your dexterity (+6).
   It affects your resistance to hostile enchantments.
 P - a +0 vampiric war axe
 V - the +5 dagger of Wuarezisena {holy, +Inv rC+ Int-2 Stlth+}
   (You found it on level 12 of the Dungeon)

   It has been blessed by the Shining One to cause great damage to the undead
   and demons.
   It affects your intelligence (-2).
   It protects you from cold.
   It lets you turn invisible.
   It makes you more stealthy.
 W - a +0 broad axe of flaming
 X - the +6 hunting sling of Gallantry {freeze, rElec Str+2 Stlth+}
   (You found it on level 14 of the Dungeon)

   It causes projectiles fired from it to freeze those they strike, causing
   extra injury to most foes and up to half again as much damage against
   particularly susceptible opponents.
   They can also slow down cold-blooded creatures.
   It affects your strength (+2).
   It insulates you from electricity.
   It makes you more stealthy.
Missiles
 c - 15 throwing nets (quivered) {!f}
 o - 20 curare-tipped darts
Armour
 b - a +2 hat (worn)
 l - a +2 buckler of protection (worn)
 Z - a +1 large shield of reflection
Jewellery
 a - a +3 ring of dexterity (on tentacle)
 i - a ring of resist corrosion (left tentacle)
 j - the ring "Virr" (on tentacle) {Str+3 Int+4}
   (You acquired it on level 6 of the Lair of Beasts)

   [ring of strength]

   It affects your strength (+3).
   It affects your intelligence (+4).
 m - an uncursed ring of ice
 q - a +2 ring of dexterity (on tentacle)
 y - the ring of Ywno {Wiz rN+++ MR+++ MP-9 Str-2}
   (You found it on level 4 of the Dungeon)

   [ring of wizardry]

   It improves your spell success rate.
   It affects your strength (-2).
   It renders you almost immune to negative energy.
   It affects your resistance to hostile enchantments.
   It affects your magic capacity (-9).
 J - a ring of fire (on tentacle)
 K - a ring of wizardry (on tentacle)
 O - a ring of protection from magic (right tentacle)
 Y - a +1 ring of evasion (on tentacle)
Wands
 e - a wand of iceblast (12)
 s - a wand of flame (18)
 v - a wand of digging (6)
 D - a wand of enslavement (5)
 H - a wand of disintegration (24)
 N - a wand of paralysis (2)
 Q - a wand of acid (6)
 T - a wand of scattershot (1)
Scrolls
 h - 7 scrolls of teleportation {@r3}
 n - a scroll of enchant armour
 w - 2 scrolls of blinking
 A - 4 scrolls of enchant weapon
 B - 3 scrolls of amnesia
 C - 4 scrolls of magic mapping
 L - a scroll of fog
 S - a scroll of holy word
 U - a scroll of remove curse {@r2}
Potions
 f - 4 potions of might
 g - a potion of flight
 p - 6 potions of agility
 r - 13 potions of curing {@q1}
 t - a potion of magic
 u - 6 potions of haste
 x - 5 potions of heal wounds
 z - 2 potions of invisibility
 F - 3 potions of mutation
 M - a potion of berserk rage
 R - 2 potions of brilliance
Comestibles
 d - 43 rations


   Skills:
 * Level 12.7(17.7) Fighting
 - Level 3.0(8.0) Short Blades
 + Level 13.9(18.9) Axes
 - Level 2.0(7.0) Throwing
 - Level 13.0(18.0) Dodging
 + Level 8.5(13.5) Shields
 + Level 5.6 Spellcasting
 - Level 6.0 Hexes
 - Level 4.0 Translocations
 - Level 5.0 Air Magic
 - Level 7.0 Invocations
 - Level 6.0 Evocations


You had 3 spell levels left.
You knew the following spells:

 Your Spells              Type           Power        Failure   Level  Hunger
a - Corona                Hex            ####...      1%          1    None
b - Confuse               Hex            ####....     1%          3    ##.....
c - Tukima's Dance        Hex            ####....     1%          3    ##.....
d - Silence               Hex/Air        ###.......   16%         5    ######.
e - Cause Fear            Hex            ####......   4%          4    ####...
f - Blink                 Tloc           N/A          1%          2    #......
g - Passage of Golubria   Tloc           N/A          11%         4    ####...

Your spell library contained the following spells:

 Spells                   Type           Power        Failure   Level  Hunger
 Ensorcelled Hibernation  Hex/Ice        ##....       2%          2    #......
 Shroud of Golubria       Chrm/Tloc      ##....       3%          2    #......
 Gell's Gravitas          Tloc           ###.......   3%          3    ##.....
 Lesser Beckoning         Tloc           ###.......   3%          3    ##.....
 Teleport Other           Tloc           ###.....     3%          3    ##.....
 Dazzling Spray           Conj/Hex       ##....       4%          3    ##.....
 Inner Flame              Hex/Fire       ###.....     4%          3    ##.....
 Spectral Weapon          Hex/Chrm       ##......     4%          3    ##.....
 Beastly Appendage        Tmut           #.....       6%          1    None
 Flame Tongue             Conj/Fire      #....        6%          1    None
 Infusion                 Chrm           #...         6%          1    None
 Magic Dart               Conj           #...         6%          1    None
 Searing Ray              Conj           #.....       9%          2    #......
 Song of Slaying          Chrm           #.......     9%          2    #......
 Sticks to Snakes         Tmut           #.......     9%          2    #......
 Throw Flame              Conj/Fire      #.....       9%          2    #......
 Conjure Flame            Conj/Fire      #.......     16%         3    ##.....
 Regeneration             Chrm/Necr      #.........   16%         3    ##.....
 Spider Form              Tmut/Pois      #.........   16%         3    ##.....
 Fulminant Prism          Conj/Hex       ##........   16%         4    ####...
 Force Lance              Conj/Tloc      ##......     22%         4    ####...
 Yara's Violent Unravell  Hex/Tmut       ##........   38%         5    ######.
 Ice Form                 Ice/Tmut       #.......     45%         4    ####...
 Iskenderun's Mystic Bla  Conj           #.......     45%         4    ####...
 Sticky Flame             Conj/Fire      #.......     45%         4    ####...
 Blade Hands              Tmut           #.........   80%         5    ######.
 Bolt of Magma            Conj/Fire/Erth #.........   80%         5    ######.
 Fireball                 Conj/Fire      #.........   80%         5    ######.
 Iskenderun's Battlesphe  Conj/Chrm      #.......     80%         5    ######.
 Venom Bolt               Conj/Pois      #.........   80%         5    ######.
 Deflect Missiles         Chrm/Air       ##........   95%         6    #######
 Iron Shot                Conj/Erth      #.........   100%        6    #######
 Orb of Destruction       Conj           #.........   100%        7    #######
 Spellforged Servitor     Conj/Summ      #.........   100%        7    #######
 Discord                  Hex            ####......   100%        8    #######


Dungeon Overview and Level Annotations

Branches:
Dungeon (15/15)            Temple (1/1) D:5            Lair (6/6) D:8
 Shoals (0/4) Lair:2       Spider (0/4) Lair:4          Orc (0/2) D:9
 Vaults (0/5) D:13         Depths (0/5) D:15          Sewer (visited)
 Bailey (visited)
  Slime: Lair:5-6

Altars:
Ashenzari
Cheibriados
Dithmenos
Elyvilon
Fedhas
Gozag
Hepliaklqana
Makhleb
Okawaru
Qazlal
Sif Muna
Trog
Uskayaw
Vehumet
Wu Jian
Xom
Yredelemnul
Zin
The Shining One
Lugonu

Shops:
D:14 !

Portals:
Trove: D:13 (give 14 potions of heal wounds)

Annotations:
D:7 2 transporters
D:12 3 runed translucent doors, Potaus's ghost, journeyman DEFE
Lair:2 2 transporters, Miucotz's ghost, journeyman TrMo
Lair:3 3 runed translucent doors, Acyr Nudi's ghost, journeyman DsFi
Lair:6 1 runed translucent door, exclusion: oklob plant, bmj180's ghost, journeyman HOFi


Innate Abilities, Weirdness & Mutations

You cannot wear most types of armour.
You are very stealthy in the water. (Stealth+)
You are amphibious.
You can wear up to eight rings at the same time.
You can use your tentacles to constrict eight enemies at once.
Your skin changes colour to match your surroundings (Stealth+).
Your rubbery body absorbs attacks. (AC +1, EV +1)


Message History

Okawaru accepts your kill.
As you read the scroll of teleportation {@r3}, it crumbles to dust.
You feel strangely unstable.
The sky beast flickers out of sight!
Deactivating autopickup; reactivate with Ctrl-A.
The green ugly thing completely misses you.
The cyclops throws a large rock.
You block the large rock.
You hit the deep troll earth mage. You squeeze the deep troll earth mage!
You closely miss the green ugly thing.
The deep troll earth mage barely misses you.
The deep troll earth mage claws you.
You block the deep troll earth mage's attack.
The cyclops throws a large rock.
The large rock hits you!!
You hit the deep troll earth mage but do no damage.
Your squeeze misses the deep troll earth mage.
You hit the green ugly thing but do no damage.
The deep troll earth mage casts a spell past you.
The crystal wall shatters!
The blast of crystal shards hits you!!!
Ouch! That really hurt!
You die...

#.###......#.......
#######.##...#########..
......##....##.......##.
.......##.!##..8...8..##
........####...[.....(.#
!....$8..##.............
........†##.............
.......u(#..8.........8.
.....uT@.#......÷.......
.[8}.....)..............
.........#..............
...C.....#..8(.......!8.
.........##.............
)....%8..##.............
..(.....####.......(...#
.......##..##..8...8.[##
....##..####.......##.


You could see 2 ugly things, a cyclops and a deep troll earth mage.

Vanquished Creatures
  A sphinx (D:12)
  Kirke (Lair:4)
  An ettin (D:12)
  A fire dragon (Lair:6)
  A yaktaur captain (D:13)
  5 hydras
  2 centaur warriors
  4 catoblepae
  7 death yaks
  4 two-headed ogres
  A tengu warrior (D:14)
  Urug (Lair:5)
  Sonja (Lair:6)
  8 skeletal warriors
  4 unseen horrors
  A flayed ghost (D:11)
  A swamp dragon (Lair:6)
  A wizard (D:14)
  5 ugly things
  An oklob plant (Lair:5)
  A wolf spider (Lair:6)
  3 deep elf magi
  A cyclops (D:13)
  6 elephants
  3 manticores
  3 centaur zombies
  2 black mambas
  5 spiny frogs
  2 centaur skeletons
  A gargoyle (D:12)
  Psyche (D:8)
  8 komodo dragons
  7 rime drakes
  5 kobold demonologists
  2 yaktaurs (D:13)
  A troll (D:9)
  3 meliai (D:14)
  10 polar bears
  2 raiju (Lair:6)
  14 slime creatures
  A merfolk (D:9)
  A meliai zombie (D:13)
  22 blink frogs
  9 hippogriffs
  A dream sheep (Lair:6)
  A shadow (D:13)
  A vampire (D:13)
  2 water elementals (D:11)
  3 wyverns
  4 basilisks
  2 wraiths
  49 yaks
  4 hogs
  3 steam dragons
  3 hungry ghosts
  6 wargs (Lair:6)
  Menkaure (D:7)
  5 vampire mosquitoes
  3 acid dragons
  2 soldier ants
  13 hell hounds (Lair:6)
  4 water moccasins
  5 sky beasts
  7 porcupines
  A swamp drake (Lair:6)
  2 hornet zombies
  8 orc warriors
  5 ice beasts
  An eye of draining (shapeshifter) (D:14)
  14 black bears
  A necrophage (D:9)
  2 phantoms
  6 ogres
  32 wolves
  9 crocodiles
  8 centaurs
  Blork the orc (D:4)
  4 big kobolds
  12 bullfrogs
  9 gnoll sergeants
  4 scorpions
  5 killer bees
  3 wights
  4 electric eels (D:11)
  5 crimson imps
  3 bullfrog zombies
  10 orc priests
  17 orc wizards
  A jelly (D:7)
  5 hounds
  Jessica (D:2)
  2 bullfrog skeletons
  6 gnoll shamans (Bailey)
  3 iguanas
  10 worker ants
  A hound zombie (D:5)
  2 hound skeletons (D:4)
  A worker ant zombie (D:8)
  20 gnolls
  11 adders
  6 river rats (Sewer)
  A shadow imp (D:6)
  An ooze (D:2)
  An adder zombie (D:5)
  3 adder skeletons
  6 worms
  A dart slug (D:1)
  5 leopard geckos
  43 orcs
  5 ball pythons
  6 bats
  4 giant cockroaches
  5 goblins (D:2)
  7 hobgoblins
  6 jackals
  22 kobolds
  3 quokkas
  A ball python skeleton (D:4)
  15 frilled lizards
  A giant cockroach zombie (D:5)
  A leopard gecko skeleton (D:4)
  7 rats
  2 fungi (Lair:3)
  3 plants (Lair:6)
667 creatures vanquished.

Vanquished Creatures (collateral kills)
  3 two-headed ogres
  An orc warrior (D:12)
4 creatures vanquished.

Vanquished Creatures (others)
  A yak (Lair:5)
  2 dancing weapons
  A human (Lair:5)
  A water moccasin (Lair:5)
  8 fungi
  31 plants
44 creatures vanquished.

Grand Total: 715 creatures vanquished

Notes
Turn   | Place    | Note
-------+----------+-------------------------------------------
     0 | D:1      | iamserjio the Octopode Gladiator began the quest for the
                  | Orb.
     0 | D:1      | Reached XP level 1. HP: 14/14 MP: 1/1
   286 | D:1      | Reached XP level 2. HP: 19/20 MP: 2/2
   598 | D:1      | Reached XP level 3. HP: 22/25 MP: 3/3
  1382 | D:2      | Noticed a centaur
  1575 | D:3      | Noticed an ogre
  1597 | D:2      | Killed a centaur
  1597 | D:2      | Reached XP level 4. HP: 15/33 MP: 4/4
  1832 | D:2      | Reached XP level 5. HP: 25/37 MP: 5/5
  2532 | D:2      | Noticed Jessica
  2539 | D:2      | Killed Jessica
  2574 | D:2      | Found an iron altar of Okawaru.
  2615 | D:2      | Became a worshipper of Warmaster Okawaru
  3148 | D:3      | Reached skill level 5 in Dodging
  3154 | D:3      | Reached XP level 6. HP: 42/44 MP: 6/6
  3921 | D:4      | Got a flickering glass ring
  4124 | D:4      | Found an ornate altar of the Wu Jian Council.
  4183 | D:4      | Found a glowing drain.
  4185 | D:4      | Noticed Blork the orc
  4187 | Sewer    | Entered a sewer
  4266 | Sewer    | Reached skill level 5 in Fighting
  4670 | Sewer    | Identified the ring of Ywno {Wiz rN+++ MR+++ MP-9 Str-2}
                  | (You found it on level 4 of the Dungeon)
  4683 | D:4      | Killed Blork the orc
  4683 | D:4      | Reached XP level 7. HP: 38/50 MP: 0/7
  5004 | D:5      | Entered Level 5 of the Dungeon
  5061 | D:5      | Reached skill level 1 in Invocations
  5065 | D:5      | Reached * piety under Okawaru
  5697 | D:5      | Reached XP level 8. HP: 54/57 MP: 0/9
  5708 | D:5      | Found a staircase to the Ecumenical Temple.
  5766 | Temple   | Entered the Ecumenical Temple
  6038 | D:6      | Found a snail-covered altar of Cheibriados.
  6040 | D:6      | Found an iron altar of Okawaru.
  6043 | D:6      | Found a shattered altar of Ashenzari.
  6597 | D:6      | Learned a level 1 spell: Corona
  6601 | D:6      | Learned a level 3 spell: Confuse
  6638 | D:7      | Noticed Menkaure
  6726 | D:7      | Killed Menkaure
  6726 | D:7      | Reached ** piety under Okawaru
  6726 | D:7      | Reached skill level 1 in Hexes
  6930 | D:7      | Reached skill level 1 in Spellcasting
  7545 | D:7      | Reached XP level 9. HP: 64/64 MP: 10/12
  7887 | D:7      | Found a corrupted altar of Lugonu.
  7887 | D:7      | Noticed a green ugly thing
  7887 | D:7      | Noticed a white ugly thing
  8029 | D:7      | Noticed a cyan ugly thing
  8030 | D:7      | Found a transporter.
  8031 | D:7      | Found a transporter.
  8089 | D:7      | Learned a level 3 spell: Tukima's Dance
  8550 | D:8      | Reached *** piety under Okawaru
  8550 | D:8      | Reached skill level 5 in Hexes
  8910 | D:8      | Found a staircase to the Lair.
  8939 | D:8      | Reached XP level 10. HP: 28/72 MP: 11/15
  9150 | D:8      | Found an opulent altar of Gozag.
  9150 | D:8      | Found a glowing silver altar of Zin.
  9150 | D:8      | Found a hazy altar of Hepliaklqana.
  9158 | D:8      | Found a glowing golden altar of the Shining One.
  9189 | D:8      | Noticed Psyche
  9196 | D:8      | Reached **** piety under Okawaru
  9200 | D:8      | Killed Psyche
  9560 | D:8      | Noticed a two-headed ogre
 10043 | D:8      | Got a fine broad axe
 10044 | D:8      | Identified the +9 broad axe "Etzit" {chop, MR+ Dex+6} (You
                  | found it on level 8 of the Dungeon)
 10230 | D:8      | Killed a two-headed ogre
 10604 | D:9      | Found a shadowy altar of Dithmenos.
 10607 | D:9      | Noticed a two-headed ogre
 10615 | D:9      | Killed a two-headed ogre
 10615 | D:9      | Received a gift from Okawaru
 10650 | D:9      | Found a staircase to the Orcish Mines.
 10679 | D:9      | Found a flagged portal.
 10689 | Bailey   | Entered a bailey
 11941 | Bailey   | Reached ***** piety under Okawaru
 12186 | D:9      | Reached skill level 5 in Axes
 12191 | D:9      | Reached skill level 5 in Spellcasting
 12715 | D:9      | Reached XP level 11. HP: 78/78 MP: 16/18
 13036 | D:9      | Found a shimmering altar of Xom.
 13045 | D:9      | Received a gift from Okawaru
 13491 | D:9      | Learned a level 5 spell: Silence
 13496 | D:9      | Learned a level 4 spell: Cause Fear
 13525 | D:10     | Entered Level 10 of the Dungeon
 13716 | D:10     | Noticed a two-headed ogre
 13726 | D:10     | HP: 1/80 [two-headed ogre/+0 giant club (22)]
 13727 | D:10     | Killed a two-headed ogre
 13727 | D:10     | Reached skill level 10 in Dodging
 13727 | D:10     | Reached skill level 1 in Evocations
 15476 | D:11     | Noticed a flayed ghost
 15830 | D:11     | Killed a flayed ghost
 15830 | D:11     | Reached skill level 5 in Invocations
 15912 | D:11     | Noticed a red ugly thing
 15913 | D:11     | Noticed a deep elf mage
 15922 | D:11     | Killed a deep elf mage
 15935 | D:11     | Killed a red ugly thing
 16470 | D:12     | Noticed an unseen horror
 16473 | D:12     | Killed an unseen horror
 16473 | D:12     | Reached skill level 1 in Air Magic
 16473 | D:12     | Reached XP level 12. HP: 48/87 MP: 16/19
 16546 | D:12     | Noticed a two-headed ogre
 16554 | D:12     | Killed a two-headed ogre
 16554 | D:12     | Received a gift from Okawaru
 16800 | D:12     | Noticed a two-headed ogre
 17356 | Lair:1   | Entered Level 1 of the Lair of Beasts
 18169 | Lair:1   | Reached skill level 10 in Fighting
 18170 | Lair:1   | Received a gift from Okawaru
 18393 | Lair:1   | Noticed an eight-headed hydra
 18400 | Lair:1   | Killed an eight-headed hydra
 19015 | Lair:2   | Reached skill level 5 in Evocations
 19024 | Lair:2   | Found a staircase to the Shoals.
 19062 | Lair:2   | Noticed Miucotz's ghost (journeyman TrMo)
 19100 | Lair:2   | Noticed a seven-headed hydra
 19817 | Lair:2   | Found a transporter.
 19890 | Lair:2   | Found a transporter.
 20426 | Lair:3   | Found a runed translucent gate.
 20427 | Lair:3   | Found a runed translucent gate.
 20427 | Lair:3   | Found a runed translucent gate.
 20428 | Lair:3   | Noticed Acyr Nudi's ghost (journeyman DsFi)
 20429 | Lair:3   | Noticed a four-headed hydra
 20681 | Lair:3   | Reached XP level 13. HP: 38/93 MP: 17/20
 21434 | Lair:4   | Reached skill level 10 in Axes
 21633 | Lair:4   | Received a gift from Okawaru
 21650 | Lair:4   | Got a warped executioner's axe {god gift}
 22099 | Lair:4   | Found a hole to the Spider Nest.
 22447 | Lair:4   | Reached skill level 5 in Air Magic
 22972 | Lair:4   | Learned a level 2 spell: Blink
 22977 | Lair:4   | Learned a level 4 spell: Passage of Golubria
 22980 | Lair:5   | Noticed Kirke
 22988 | Lair:5   | Reached skill level 1 in Translocations
 22995 | Lair:4   | Killed Kirke
 22995 | Lair:4   | Received a gift from Okawaru
 23041 | Lair:5   | Received a gift from Okawaru
 23530 | Lair:5   | Received a gift from Okawaru
 24354 | Lair:6   | Entered Level 6 of the Lair of Beasts
 24354 | Lair:6   | Found a runed translucent door.
 24355 | Lair:6   | Identified the +8 trident of Eternal War {venom, Stlth+}
 24356 | Lair:6   | Noticed Urug
 24373 | Lair:5   | Killed Urug
 24521 | Lair:6   | Reached skill level 1 in Shields
 24528 | Lair:6   | Reached XP level 14. HP: 89/101 MP: 21/21
 24859 | Lair:6   | Identified the +1 plate armour of Satisfaction {rC+ Int+2}
 24861 | Lair:6   | Noticed bmj180's ghost (journeyman HOFi)
 24976 | Lair:6   | Noticed Sonja
 24985 | Lair:6   | Killed Sonja
 25101 | Lair:6   | Received a gift from Okawaru
 25984 | Lair:6   | Got an encrusted arbalest
 26457 | Lair:6   | Reached skill level 5 in Shields
 26800 | Lair:6   | Identified a scroll of acquirement
 27567 | Lair:6   | Got a crude copper ring
 27568 | Lair:6   | Identified the ring "Virr" {Str+3 Int+4} (You acquired it
                  | on level 6 of the Lair of Beasts)
 27584 | Lair:6   | Identified the +1 executioner's axe of the Vaults {chop,
                  | Dex+4} (Okawaru gifted it to you on level 4 of the Lair of
                  | Beasts)
 27585 | Lair:6   | Identified the +7 arbalest "Behaipum" {flame, rC- Str+2
                  | Dex+2 Stlth+} (You found it on level 6 of the Lair of
                  | Beasts)
 27774 | D:12     | Received a gift from Okawaru
 27998 | D:12     | Reached ****** piety under Okawaru
 28046 | D:12     | Found a runed translucent gate.
 28046 | D:12     | Noticed Potaus's ghost (journeyman DEFE)
 28047 | D:12     | Found a runed translucent gate.
 28047 | D:12     | Found a runed translucent gate.
 28168 | D:12     | Got a steaming dagger
 28217 | D:12     | Found a white marble altar of Elyvilon.
 28220 | D:12     | Found a shadowy altar of Dithmenos.
 28221 | D:12     | Noticed a sphinx
 28252 | D:12     | Killed a sphinx
 28252 | D:12     | Received a gift from Okawaru
 28252 | D:12     | Reached XP level 15. HP: 82/108 MP: 19/22
 28526 | D:12     | You fall into a shaft and drop 3 floors!
 28526 | D:15     | Entered Level 15 of the Dungeon
 29386 | D:14     | Got a brightly glowing hunting sling
 29474 | D:14     | Received a gift from Okawaru
 29742 | D:14     | Found Cuqes's Distillery.
 29864 | D:14     | Bought a potion of agility for 64 gold pieces
 29864 | D:14     | Bought a potion of curing for 48 gold pieces
 29864 | D:14     | Bought a potion of might for 64 gold pieces
 29864 | D:14     | Bought a potion of curing for 48 gold pieces
 29864 | D:14     | Bought a potion of agility for 64 gold pieces
 29864 | D:14     | Bought a potion of brilliance for 64 gold pieces
 29864 | D:14     | Bought a potion of heal wounds for 80 gold pieces
 30299 | D:14     | Identified the +5 dagger of Wuarezisena {holy, +Inv rC+
                  | Int-2 Stlth+} (You found it on level 12 of the Dungeon)
 30300 | D:14     | Identified the +6 hunting sling of Gallantry {freeze, rElec
                  | Str+2 Stlth+} (You found it on level 14 of the Dungeon)
 30333 | D:13     | Found a portal to a secret trove of treasure.
 31121 | D:13     | Found a gate to the Vaults.
 31580 | D:13     | Killed from afar by a deep troll earth mage

Levels and vault maps discovered:
D:1:      minmay_arrival_three_doors, layout_basic, minmay_tromino_i2
D:2:      layout_loops_ring, okawaru_altar_gauntlet_db, uniq_jessica
D:3:      layout_basic
D:4:      layout_cave_pools, marbit_many_paths, first_ration,
          cheibrodos_sewer_entry_bend, uniq_blork_the_orc
D:5:      layout_basic, minmay_temple_entry_statues_fountains
D:6:      layout_cave_pods, grunt_temple_overflow_open
D:7:      gammafunk_corrupted_shrine, layout_loops_ring, uniq_menkaure
D:8:      layout_loops_corners, nicolae_overflow_quartered_altars,
          minmay_lair_entry_grove, uniq_psyche
D:9:      layout_roguey, xom_butterflies, nicolae_dithmenos_the_darkroom,
          david_orc_3, enter_bailey_2, hangedman_fish_farm, eino_tiny_chamber,
          minivault_23
D:10:     layout_basic
D:11:     minmay_bloctagon, layout_basic, nicolae_twisting_strands
D:12:     layout_cave_pools, ebering_ghost_rock_garden, jmf_multi_god_temple
D:13:     kennysheep_green_arena, layout_cave_pools, david_vaults_2,
          enter_trove_1
D:14:     layout_loops_corners, serial_shops, nicolae_shop_waterfront,
          minmay_misc_feat_rugged, chequers_serial_rivers_micro_b
D:15:     hangedman_depths_entry_try_elsewhere_first, layout_loops_cross,
          serial_shops, nicolae_shop_statue_plus, lemuel_blue_sif_altar
Temple:   nicolae_temple_x_marks_the_god
Lair:1:   layout_cave_pods, serial_bayou_pond_a
Lair:2:   layout_concentric_octagons, shoals_dummy_entry, gammafunk_ghost_arena
Lair:3:   layout_loops_ring, gammafunk_ghost_split
Lair:4:   layout_hall_layers, nicolae_spider_entry_non_spiders
Lair:5:   layout_cave_shapes, nicolae_lair_yak_garden, grunt_megastairs_2,
          uniq_kirke
Lair:6:   guppyfry_lair_end_dragon, layout_loops_ring,
          hangedman_lair_caniforms_friends, minmay_slime_entry_oklob_enclosed,
          ebering_ghost_funeral_grove, lemuel_fruit_fields, uniq_urug,
          uniq_sonja

Skill      XL: |  1  2  3  4  5  6  7  8  9 10 11 12 13 14 15 |
---------------+----------------------------------------------+-----
Fighting       | 3 4 5 6 7 8 9 10 11 12 | 12.7
Dodging        | 4 5 6 7 8 9 10 11 12 13 | 13.0
Invocations    | 2 3 4 5 6 7 |  7.0
Hexes          | 3 6 |  6.0
Spellcasting   | 2 3 5 |  5.6
Axes           | 5 8 9 11 13 | 13.9
Evocations     | 3 5 6 |  6.0
Air Magic      | 1 3 5 |  5.0
Translocations | 4 |  4.0
Shields        | 1 6 8 |  8.5
Short Blades   | |  3.0
Throwing       | |  2.0

Action                   |  1- 3 |  4- 6 |  7- 9 | 10-12 | 13-15 || total
-------------------------+-------+-------+-------+-------+-------++-------
Melee: Rapier            |    43 |   153 |       |       |       ||   196
       Tentacles         |    10 |    29 |    54 |   112 |   272 ||   477
       Constrict         |     9 |    41 |    43 |    62 |   104 ||   259
       Long sword        |       |     3 |   197 |    33 |       ||   233
       Punch             |       |       |     2 |     9 |    24 ||    35
       Broad axe         |       |       |       |   407 |   773 ||  1180
       Trident           |       |       |       |     3 |     7 ||    10
Throw: Throwing net      |     3 |       |     1 |       |       ||     4
 Cast: Corona            |       |       |     3 |     1 |     2 ||     6
       Confuse           |       |       |     7 |    26 |       ||    33
       Tukima's Dance    |       |       |       |    20 |    11 ||    31
Invok: Heroism           |       |       |     6 |    22 |    39 ||    67
Evoke: Wand              |       |     3 |    27 |    22 |    16 ||    68
  Use: Scroll            |       |       |    10 |    15 |    15 ||    40
       Potion            |       |       |       |       |     2 ||     2
 Stab: Sleeping          |     2 |    17 |     8 |    14 |    10 ||    51
       Distracted        |       |       |     2 |     7 |     3 ||    12
       Confused          |       |       |     1 |     1 |       ||     2
       Paralysed         |       |       |       |       |     1 ||     1
  Eat: Chunk             |     1 |    11 |    13 |    28 |    33 ||    86
       Ration            |       |       |     1 |     4 |     1 ||     6
Armor: Skin              |     4 |     7 |    14 |    22 |    44 ||    91
Dodge: Dodged            |    35 |   116 |   154 |   420 |   610 ||  1335
Block: Buckler           |       |       |     9 |   107 |   301 ||   417
       Rpst.: Long sword |       |     2 |    56 |     7 |       ||    65

Table legend:
 A = Non-vault XP
 B = Vault XP
 C = Vault XP percentage of total XP
 D = Non-vault monster count
 E = Vault monster count
 F = Vault count percentage of total count
                 A         B        C        D         E       F
            +---------+---------+-------+---------+---------+-------
      Total |   83855 |   40128 |  32.4 |     452 |     215 |  32.2
            +---------+---------+-------+---------+---------+-------
        D:1 |      40 |       3 |   7.0 |      16 |       2 |  11.1
        D:2 |     178 |      73 |  29.1 |      26 |       7 |  21.2
        D:3 |     181 |       0 |   0.0 |      11 |       0 |   0.0
        D:4 |     125 |     111 |  47.0 |      11 |       4 |  26.7
        D:5 |     532 |       0 |   0.0 |      22 |       0 |   0.0
        D:6 |     119 |       0 |   0.0 |       8 |       0 |   0.0
        D:7 |    1336 |     169 |  11.2 |      26 |       1 |   3.7
        D:8 |    1336 |    2166 |  61.9 |      10 |      13 |  56.5
        D:9 |    2580 |     585 |  18.5 |      31 |       6 |  16.2
       D:10 |    1686 |       0 |   0.0 |      12 |       0 |   0.0
       D:11 |    2036 |    3348 |  62.2 |      25 |      16 |  39.0
       D:12 |   10767 |    3743 |  25.8 |      42 |       4 |   8.7
       D:13 |    7098 |    6352 |  47.2 |      24 |      16 |  40.0
       D:14 |   17925 |       0 |   0.0 |      57 |       0 |   0.0
       D:15 |     560 |       0 |   0.0 |       2 |       0 |   0.0
     Lair:1 |    6671 |       0 |   0.0 |      30 |       0 |   0.0
     Lair:2 |    1243 |       0 |   0.0 |       9 |       0 |   0.0
     Lair:3 |    4462 |       0 |   0.0 |      18 |       0 |   0.0
     Lair:4 |    7076 |    2418 |  25.5 |      31 |      10 |  24.4
     Lair:5 |    4532 |    4915 |  52.0 |      13 |      15 |  53.6
     Lair:6 |   13372 |   14937 |  52.8 |      28 |      70 |  71.4
      Sewer |       0 |      96 | 100.0 |       0 |      21 | 100.0
     Bailey |       0 |    1212 | 100.0 |       0 |      30 | 100.0
            +---------+---------+-------+---------+---------+-------
